Map: Station Proxima EC

Players

Leon

  • Race: Zerg Zerg
  • League: Diamond
  • Spawn Location: 1:00

defer - Winner!

  • Race: Protoss Protoss
  • League: Diamond
  • Spawn Location: 7:00

VOD

Have the link to the VOD?

Description

Time

  • Played on: April 1, 2017, 6:29 a.m.
  • Length: 4:46
Show
View Real Time Build Order
Export as new Build Order

Leon Zerg 

Build Orders: Hatch First 

Get SALT Encoding   

  12  0:01  Drone  
  13  0:08  Drone  
  14  0:16  Overlord  
  14  0:22  Extractor  
  14  0:24  Drone  
  15  0:35  Drone x2  
  17  0:45  Drone  
  18  0:56  Hatchery  
  17  1:01  Extractor  
  17  1:02  Drone  
  17  1:16  Spawning Pool  
  16  1:19  Drone  
  16  1:22  Drone  
  18  1:27  Drone  
  19  1:41  Overlord  
  19  1:55  Drone  
  19  2:00  Drone  
  21  2:02  Queen  
  21  2:04  Metabolic Boost  
  23  2:08  Queen  
  23  2:11  Drone  
  23  2:15  Drone  
  27  2:20  Drone  
  27  2:22  Drone  
  29  2:30  Drone  
  29  2:33  Drone  
  31  2:42  Zergling x4  
  33  2:52  Overlord x2  
  33  2:56  Baneling Nest  
  30  3:12  Drone x2  
  31  3:16  Drone  
  31  3:17  Drone x3  
  34  3:30  Zergling x4  
  34  3:31  Zergling x6  
  34  3:32  Hatchery  
  37  3:38  Zergling x2  
  38  3:41  Zergling x2  
  38  3:45  Queen  
  38  3:47  Zergling x4  
  43  3:50  Zergling x2  
  44  3:57  Zergling x4  
  45  4:07  Zergling x2  
  45  4:08  Zergling x6  
  42  4:17  Zergling x2  
  42  4:18  Zergling x6  
  42  4:24  Zergling x2  
Show
View Real Time Build Order
Export as new Build Order

defer Protoss - Winner!

Build Orders: Dark Templar Rush 

Get SALT Encoding   

  12  0:01  Probe (Chrono Boost)  
  13  0:17  Pylon  
  13  0:18  Probe (Chrono Boost)  
  14  0:29  Probe (Chrono Boost)  
  15  0:36  Gateway  
  15  0:39  Probe (Chrono Boost)  
  16  0:44  Assimilator  
  16  0:50  Probe (Chrono Boost)  
  17  1:00  Probe (Chrono Boost)  
  18  1:06  Gateway  
  19  1:11  Probe (Chrono Boost)  
  19  1:22  Probe (Chrono Boost)  
  19  1:25  Cybernetics Core  
  20  1:30  Assimilator  
  20  1:32  Probe (Chrono Boost)  
  21  1:41  Pylon  
  21  1:43  Probe (Chrono Boost)  
  21  1:46  Warp Gate  
  22  1:54  Probe (Chrono Boost)  
  23  2:02  Adept x2  
  27  2:20  Twilight Council  
  27  2:24  Gateway  
  27  2:40  Gateway x2  
  27  3:01  Dark Shrine  
  27  3:02  Resonating Glaives  
  27  3:17  Pylon x2  
  27  3:49  Zealot x5  
  35  4:10  Zealot x4  
  41  4:30  Dark Templar x3  
  47  4:40  Pylon  
Tags
 
Add a new tag
Caveats
  • Supply blocks, unpowered buildings, or Contaminate may cause inaccurate times.
  • Supply counts are checked every 10 seconds.